 Dungeon Crawl Stone Soup version 0.23.0-3-gf3c87f2 (webtiles) character file.

Game seed: 14005579729135127380

59 Borgoz the Sneak (level 4, -3/25 HPs)
             Began as a Kobold Enchanter on Feb 23, 2019.
             Slain by an orc wizard
             ... wielding a cursed -1 dagger
              (5 damage)
             ... on level 3 of the Dungeon.
             The game lasted 00:03:27 (3046 turns).

Borgoz the Sneak (Kobold Enchanter)                 Turns: 3046, Time: 00:03:28

Health: -3/25      AC:  2    Str:  6    XL:     4   Next: 22%
Magic:  7/7        EV: 15    Int: 18    God:
Gold:   121        SH:  0    Dex: 15    Spells: 5/8 levels left

rFire    . . .     SeeInvis .   a - +1 dagger
rCold    . . .     Gourm    .   (shield restricted)
rNeg     . . .     Faith    .   b - +0 robe
rPois    .         Spirit   .   (no helmet)
rElec    .         Reflect  .   (no cloak)
rCorr    .         Harm     .   (no gloves)
MR       .....                  (no boots)
Stlth    ++++......             (no amulet)
HPRegen  0.08/turn              c - ring of stealth
MPRegen  0.10/turn              g - +2 ring of intelligence

@: no status effects
A: small, carnivore
a: no special abilities


You were on level 3 of the Dungeon.
You were completely stuffed.

You visited 1 branch of the dungeon, and saw 3 of its levels.

You collected 121 gold pieces.

Inventory:

Hand Weapons
 a - a +1 dagger (weapon)
Armour
 b - a +0 robe (worn)
Jewellery
 c - a ring of stealth (left hand)
 g - a +2 ring of intelligence (right hand)
 o - an uncursed ring of magical power {unknown}
Scrolls
 e - 4 scrolls of identify {unknown}
 f - a scroll of enchant armour {unknown}
 i - 2 scrolls of remove curse {unknown}
 l - a scroll of immolation {unknown}
 m - a scroll of enchant weapon {unknown}
 n - a scroll of fear {unknown}
 p - a scroll of teleportation {unknown}
Comestibles
 d - 7 rations


   Skills:
 + Level 1.1 Fighting
 + Level 2.1 Short Blades
 + Level 2.8 Dodging
 + Level 4.6 Stealth
 + Level 2.5 Spellcasting
 * Level 3.6 Hexes


You had 5 spell levels left.
You knew the following spells:

 Your Spells              Type           Power        Failure   Level  Hunger
a - Corona                Hex            ###....      3%          1    #......
b - Ensorcelled Hibernat  Hex/Ice        #.....       12%         2    ##.....

Your spell library contained the following spells:

 Spells                   Type           Power        Failure   Level  Hunger
 Confuse                  Hex            ###.....     12%         3    ###....
 Tukima's Dance           Hex            ###.....     12%         3    ###....
 Dazzling Spray           Conj/Hex       #.....       24%         3    ###....


Dungeon Overview and Level Annotations

Branches:
Dungeon (3/15)

Altars:
Gozag
Vehumet
Zin

Annotations:
D:3 Sigmund


Innate Abilities, Weirdness & Mutations

You are small and have problems with some larger weapons.
You are carnivorous and can eat meat at any time.


Message History

The magic dart hits you.
You hit something. Something hits you.
* * * LOW HITPOINT WARNING * * *
You closely miss something.
You hear some strange, mumbled words.
You are confused.
It was a potion of curing.
You feel better.
You hear some strange, mumbled words.
Something tries to affect you, but you resist.
You hit something. Something barely misses you.
You barely miss something. Something hits you.
You hit something. Something hits you.
* * * LOW HITPOINT WARNING * * *
You closely miss something. Something hits you.
* * * LOW HITPOINT WARNING * * *
You hit something but do no damage. Something hits you.
* * * LOW HITPOINT WARNING * * *
You hit something but do no damage. You miss something. Something hits you.
You die...

#.# ###.# ##.#.#
####>...# +....)..#
#....# ##.#o# ###{#
#@# #+# #.# #.#
#.## #.# #..#
####.##### ##.#
.........# #.#
#......#.# #.#
#.#...##.########.#
#.##........).....#


You could see an orc.

Vanquished Creatures
  An ooze (D:1)
  A worm (D:2)
  6 dart slugs
  2 leopard geckos
  2 orcs (D:3)
  A ball python (D:2)
  2 bats (D:1)
  2 giant cockroaches
  4 goblins
  5 hobgoblins
  2 jackals (D:1)
  A frilled lizard (D:1)
  3 kobolds
  A rat (D:2)
33 creatures vanquished.

Notes
Turn   | Place    | Note
-------+----------+-------------------------------------------
     0 | D:1      | Borgoz the Kobold Enchanter began the quest for the Orb.
     0 | D:1      | Reached XP level 1. HP: 10/10 MP: 3/3
    80 | D:1      | Reached XP level 2. HP: 15/15 MP: 5/5
   821 | D:1      | Reached XP level 3. HP: 20/20 MP: 6/6
   939 | D:1      | Learned a level 2 spell: Ensorcelled Hibernation
  1928 | D:2      | Found a radiant altar of Vehumet.
  1971 | D:2      | Found a faded altar of an unknown god.
  1994 | D:2      | Reached skill level 1 in Fighting
  2347 | D:2      | Reached XP level 4. HP: 25/25 MP: 7/7
  2354 | D:2      | Found a glowing silver altar of Zin.
  2355 | D:2      | Found an opulent altar of Gozag.
  2916 | D:3      | Noticed Sigmund
  3046 | D:3      | Slain by an orc wizard

Skill      XL: |  1  2  3 |
---------------+----------+-----
Short Blades   | 2 |  2.1
Fighting       | 1 |  1.1
Dodging        | |  2.8
Stealth        | |  4.6
Spellcasting   | |  2.5
Hexes          | |  3.6

Action                   |  1- 3 |  4- 6 || total
-------------------------+-------+-------++-------
Melee: Dagger            |   125 |    76 ||   201
 Cast: Ensorcelled Hiber |     4 |       ||     4
  Use: Potion            |       |     2 ||     2
 Stab: Sleeping          |    12 |     1 ||    13
  Eat: Chunk             |    13 |     2 ||    15
Armor: Robe              |    13 |     7 ||    20
Dodge: Dodged            |    87 |    38 ||   125
